 Dungeon Crawl Stone Soup version 0.25-a0-294-gea9b1ad378 (webtiles) character file.

Game seed: 10439219752161182497, levelgen mode: classic

3670 Borgoz the Slicer (level 10, 0/64 HPs)
             Began as a Kobold Gladiator on Dec 16, 2019.
             Slain by Grum
             ... wielding a +0 spear of venom
              (3 damage)
             ... on level 8 of the Dungeon.
             The game lasted 00:16:00 (8351 turns).

Borgoz the Slicer (Kobold Gladiator)                Turns: 8351, Time: 00:16:01

Health: 0/64       AC: 12    Str: 15    XL:     10   Next: 34%
Magic:  10/10      EV: 21    Int: 14    God:
Gold:   348        SH:  5    Dex: 20    Spells: 9/9 levels left

rFire    + . .     SeeInvis .   a - +0 rapier
rCold    . . .     Gourm    .   (shield restricted)
rNeg     . . .     Faith    .   k - +0 ring mail {rF+}
rPois    .         Spirit   .   c - +0 helmet
rElec    .         Reflect  +   (no cloak)
rCorr    .         Harm     .   m - +0 pair of fencer's gloves {Riposte Dex+3}
MR       .....                  (no boots)
Stlth    +++.......             h - +5 amulet of reflection
HPRegen  0.20/turn              (no ring)
MPRegen  0.12/turn              g - +4 ring of protection

@: brilliant, lethally poisoned (0 -> -7), about to teleport
A: small, carnivore
a: no special abilities


You were on level 8 of the Dungeon.
You were full.

You visited 2 branches of the dungeon, and saw 9 of its levels.
You also visited: Ossuary.

You collected 348 gold pieces.

Inventory:

Hand Weapons
 a - a +0 rapier (weapon)
 b - a +0 short sword of venom
Missiles
 d - 9 throwing nets (quivered)
Armour
 c - a +0 helmet (worn)
 k - a +0 ring mail of fire resistance (worn)
 m - the +0 pair of fencer's gloves (worn) {Riposte Dex+3}
   (You found it on level 4 of the Dungeon)

   It affects your dexterity (+3).
 E - a +2 leather armour of cold resistance
Jewellery
 g - a +4 ring of protection (right hand)
 h - a +5 amulet of reflection (around neck)
 r - an uncursed ring of ice
Wands
 l - a wand of random effects (15)
 w - a wand of digging (4)
 x - a wand of iceblast (7)
 y - a wand of flame (8)
 B - a wand of acid (6)
Scrolls
 e - a scroll of blinking
 i - 3 scrolls of fog
 o - a scroll of magic mapping
 p - 4 scrolls of teleportation
 s - a scroll of fear {unknown}
 t - 3 scrolls of identify
 z - 4 scrolls of remove curse
 A - a scroll of silence {unknown}
 C - a scroll of noise {unknown}
 D - a scroll of enchant weapon {unknown}
Potions
 j - 2 potions of mutation
 n - a potion of lignification
 q - a potion of flight
 v - a potion of haste
 F - a potion of brilliance
Comestibles
 f - 11 rations


   Skills:
 * Level 8.3 Fighting
 * Level 10.3 Short Blades
 - Level 2.1 Throwing
 + Level 4.0 Armour
 * Level 9.5 Dodging
 - Level 5.3 Stealth


You had 9 spell levels left.
You didn't know any spells.
Your spell library contained the following spells:

 Spells                   Type           Power        Failure   Level  Hunger
 Sting                    Tmut/Pois      #...         6%          1    ##.....
 Poisonous Vapours        Pois/Air       #.....       10%         2    ###....
 Ignite Poison            Fire/Tmut/Pois #.......     17%         3    ####...
 Mephitic Cloud           Conj/Pois/Air  #.......     17%         3    ####...
 Olgreb's Toxic Radiance  Pois           #.......     43%         4    #####..


Dungeon Overview and Level Annotations

Branches:
Dungeon (8/15)             Temple (1/1) D:6            Lair (0/6) D:8
Ossuary (visited)

Altars:
Dithmenos
Elyvilon
Fedhas
Gozag
Hepliaklqana
Kikubaaqudgha
Makhleb
Nemelex Xobeh
Okawaru
Qazlal
Ru
Sif Muna
Trog
Uskayaw
Vehumet
Wu Jian
Xom
Yredelemnul
Zin
The Shining One

Annotations:
D:8 Grum


Innate Abilities, Weirdness & Mutations

You are small and have problems with some larger weapons.
You are carnivorous and can eat meat at any time.


Message History

* * * LOW HITPOINT WARNING * * *
You block the wolf's attack.
Grum hits you from afar with a +0 spear of venom!
* * * LOW HITPOINT WARNING * * *
You are lethally poisoned!
The hornet stings you but does no damage.
The wolf completely misses you.
You riposte.
You hit the wolf but do no damage. The goblin zombie misses you.
The wolf barely misses you.
You riposte.
You hit the wolf but do no damage. Grum closely misses you.
The quokka zombie misses you. The hornet barely misses you.
It was a potion of brilliance.
You feel clever all of a sudden.
* * * LOW HITPOINT WARNING * * *
You feel sick. The wolf misses you. The wolf barely misses you.
You riposte.
You hit the wolf.
The wolf is lightly wounded.
The hornet completely misses you. The wolf closely misses you.
The quokka zombie misses you.
Grum hits you from afar with a +0 spear of venom.
You die...

*,,,,,,,******,,,,,,,,,,,>,
**,,,,,** *,***,,,,,,,,,
**,,,** *.##*,,***,,,,
**,*,*******...,,,* *,***
*,,,*,,,,,,..#*,.##*,*
***,#.######.#*...,,,*
#,#.#....#.##..#**,*
#...#Zh###.##..###,***
*###.#.#@yghh.##....#,,,,
*,.K.hh#hZ###..K..#,****,
***,**h..#....#.....#,* *,
*,,,,,,#.######....##,* *,
*,*,***#.Khhh...#..#*,* *,
*,*,* ###.##..##..#*,# *,
*,*,**** #....###..##.#***,
*,,,,,,* ####.##.....#,,,,,
*,,,,,,** #.##...##.#****


You could see Grum, a hornet, 4 wolves, a quokka zombie, a goblin zombie and a
kobold.

Vanquished Creatures
  Harold (D:7)
  Pikel (D:7)
  Joseph (D:7)
  A hungry ghost (D:7)
  Menkaure (D:7)
  A black bear (D:6)
  A phantom (D:7)
  A slave (D:7)
  3 ogres
  2 centaurs
  2 scorpions (D:4)
  A howler monkey (D:5)
  4 crimson imps
  A centaur zombie (D:5)
  2 quasits (D:7)
  3 orc priests
  3 hounds
  3 orc wizards
  A bullfrog skeleton (D:4)
  3 worker ants
  7 big kobold zombies (Ossuary)
  2 hound zombies
  3 hound skeletons
  A mummy (Ossuary)
  A worker ant zombie (D:5)
  Robin (D:3)
  4 gnolls (D:3)
  12 adders
  2 howler monkey skeletons
  2 shadow imps
  An ooze (D:4)
  An adder zombie (D:8)
  5 worms
  A dart slug (D:3)
  2 leopard geckos
  12 orcs
  5 spectral bats (Ossuary)
  4 ball pythons
  4 giant cockroaches
  20 goblins
  22 hobgoblins
  8 jackals
  11 kobolds
  A quokka (D:5)
  3 bats
  6 bat simulacra (Ossuary)
  4 frilled lizards
  5 gnoll zombies (Ossuary)
  4 goblin simulacra (Ossuary)
  2 goblin zombies (Ossuary)
  7 hobgoblin zombies (Ossuary)
  3 kobold simulacra (Ossuary)
  6 kobold zombies (Ossuary)
  A leopard gecko zombie (D:6)
  3 orc zombies (Ossuary)
  2 quokka skeletons
  5 rats
  A rat simulacrum (Ossuary)
  3 spectral goblins (Ossuary)
  A spectral kobold (Ossuary)
  A spectral rat (Ossuary)
225 creatures vanquished.

Vanquished Creatures (others)
  An iguana (D:4)
1 creature vanquished.

Grand Total: 226 creatures vanquished

Notes
Turn   | Place    | Note
-------+----------+-------------------------------------------
     0 | D:1      | Borgoz the Kobold Gladiator began the quest for the Orb.
     0 | D:1      | Reached XP level 1. HP: 12/12 MP: 1/1
   199 | D:1      | Reached XP level 2. HP: 16/18 MP: 2/2
   680 | D:2      | Reached skill level 1 in Stealth
   717 | D:2      | Reached XP level 3. HP: 22/22 MP: 3/3
   777 | D:2      | Found a glowing golden altar of the Shining One.
   998 | D:2      | Reached XP level 4. HP: 27/27 MP: 4/4
  1429 | D:3      | Reached XP level 5. HP: 11/32 MP: 5/5
  1433 | D:3      | Reached skill level 5 in Short Blades
  2077 | D:3      | Reached skill level 1 in Armour
  2114 | D:3      | Reached skill level 5 in Dodging
  2114 | D:3      | Reached XP level 6. HP: 37/38 MP: 6/6
  2255 | D:3      | Found a bloodstained altar of Trog.
  2284 | D:3      | Found an iron altar of Okawaru.
  2348 | D:3      | Noticed Robin
  2399 | D:3      | Killed Robin
  3297 | D:4      | Reached skill level 6 in Short Blades
  3297 | D:4      | Reached XP level 7. HP: 32/43 MP: 7/7
  3567 | D:4      | Found the +0 pair of fencer's gloves {Riposte Dex+3}
  3988 | D:4      | Found a white marble altar of Elyvilon.
  4259 | D:5      | Entered Level 5 of the Dungeon
  4329 | D:5      | Found a glowing silver altar of Zin.
  4595 | D:5      | Found a radiant altar of Vehumet.
  4607 | D:5      | Reached XP level 8. HP: 19/48 MP: 8/8
  4933 | D:5      | Reached skill level 5 in Fighting
  5141 | D:6      | Found a staircase to the Ecumenical Temple.
  5154 | Temple   | Entered the Ecumenical Temple
  5217 | D:6      | Reached skill level 7 in Short Blades
  5954 | D:7      | Noticed Pikel
  5983 | D:7      | Killed Pikel
  5983 | D:7      | Reached skill level 8 in Short Blades
  5983 | D:7      | Reached skill level 5 in Stealth
  5983 | D:7      | Reached XP level 9. HP: 17/56 MP: 9/9
  6570 | D:7      | Noticed Harold
  6587 | D:7      | Killed Harold
  6587 | D:7      | Reached skill level 9 in Short Blades
  6593 | D:7      | Noticed Menkaure
  6600 | D:7      | Reached XP level 10. HP: 40/63 MP: 10/10
  6606 | D:7      | Killed Menkaure
  6991 | D:7      | Noticed Joseph
  7011 | D:7      | Killed Joseph
  7011 | D:7      | Reached skill level 10 in Short Blades
  7198 | D:7      | Found a burning altar of Makhleb.
  7368 | D:7      | Found an ornate altar of the Wu Jian Council.
  7616 | D:8      | Found a blossoming altar of Fedhas.
  7672 | D:8      | Noticed Grum
  7690 | D:8      | Found a sand-covered staircase.
  7697 | Ossuary  | Entered an ossuary
  8346 | D:8      | Paralysed by a hornet for 3 turns
  8350 | D:8      | HP: 3/64 [Grum/+0 spear of venom (12)]
  8351 | D:8      | Slain by Grum

Levels and vault maps discovered:
D:1:      dpeg_arrival_yet_another_circle, layout_basic
D:2:      layout_loops_ring, tso_metal_star, first_ration,
          minmay_misc_feat_four_crosses
D:3:      layout_loops_cross, okawaru_ov_weapons_minmay, marbit_many_paths,
          uniq_robin
D:4:      layout_loops_ring, nicolae_overflow_hidden_temple,
          minmay_fountain_box, minmay_goblin_outpost
D:5:      layout_cave_pods, overflow_temple_1_default, vehumet_altar_wand_db
D:6:      layout_loops_ring, minmay_temple_entry_ruins
D:7:      layout_loops_ring, makhleb_grotto_becter, kennysheep_mini,
          uniq_menkaure, uniq_joseph, uniq_harold, uniq_pikel
D:8:      layout_loops_ring, david_lair_shrubbed, enter_ossuary_4,
          grunt_pizzeria, fedhas_altar_3, uniq_grum
Temple:   cyrus_circular_temple

Skill      XL: |  1  2  3  4  5  6  7  8  9 10 |
---------------+-------------------------------+-----
Dodging        | 4 5 6 7 8 9 |  9.5
Stealth        | 1 2 3 5 |  5.3
Fighting       | 3 4 6 7 8 |  8.3
Short Blades   | 5 6 8 9 10 | 10.3
Armour         | 1 2 3 4 |  4.0
Throwing       | |  2.1

Action                   |  1- 3 |  4- 6 |  7- 9 | 10-12 || total
-------------------------+-------+-------+-------+-------++-------
Melee: Rapier            |   121 |   275 |    23 |   219 ||   638
       Short sword       |       |       |   350 |       ||   350
Throw: Throwing net      |       |       |     1 |     1 ||     2
  Use: Potion            |       |     7 |     2 |     2 ||    11
       Scroll            |       |     7 |     5 |     4 ||    16
 Stab: Sleeping          |       |     1 |     2 |    14 ||    17
       Invisible         |       |     2 |     2 |     1 ||     5
       Held in net/web   |       |       |     4 |     2 ||     6
  Eat: Chunk             |     9 |     6 |    10 |    13 ||    38
Armor: Leather armour    |     1 |       |       |       ||     1
       Ring mail         |    25 |    57 |    69 |    35 ||   186
Dodge: Dodged            |    72 |   171 |   196 |   165 ||   604
Block: Other             |    19 |    64 |    50 |    30 ||   163
       Reflection        |     2 |       |     2 |       ||     4
       Rpst.: Short sword |       |       |    52 |       ||    52
       Rapier            |       |       |     1 |    52 ||    53

Table legend:
 A = Non-vault XP
 B = Vault XP
 C = Vault XP percentage of total XP
 D = Non-vault monster count
 E = Vault monster count
 F = Vault count percentage of total count
                 A         B        C        D         E       F
            +---------+---------+-------+---------+---------+-------
      Total |    2628 |    2615 |  49.9 |     139 |      86 |  38.2
            +---------+---------+-------+---------+---------+-------
        D:1 |      21 |       0 |   0.0 |      14 |       0 |   0.0
        D:2 |      60 |       0 |   0.0 |      21 |       0 |   0.0
        D:3 |     242 |      40 |  14.2 |      35 |      13 |  27.1
        D:4 |     415 |      24 |   5.5 |      19 |      12 |  38.7
        D:5 |     334 |       2 |   0.6 |      14 |       1 |   6.7
        D:6 |     543 |       0 |   0.0 |      15 |       0 |   0.0
        D:7 |     993 |    2289 |  69.7 |      19 |       5 |  20.8
        D:8 |      20 |       0 |   0.0 |       2 |       0 |   0.0
    Ossuary |       0 |     260 | 100.0 |       0 |      55 | 100.0
            +---------+---------+-------+---------+---------+-------
